 Dungeon Crawl Stone Soup version 0.28.0-47-ge53b351184 (webtiles) character file.

Game seed: 11149718889344537632

7571 pkoi the Digger (level 10, -7/80 HPs)
             Began as a Demigod Earth Elementalist on Apr 25, 2022.
             Mangled by a six-headed hydra (15 damage)
             ... on level 11 of the Dungeon.
             The game lasted 00:26:11 (17062 turns).

pkoi the Digger (Demigod Earth Elementalist)       Turns: 17062, Time: 00:26:12

Health: -7/80      AC:  6    Str:  9    XL:     10   Next: 65%
Magic:  8/20       EV: 14    Int: 29    God:
Gold:   660        SH:  0    Dex: 14    Spells: 6/18 levels left

rFire   + + .      SeeInvis .   a - staff of earth
rCold   + . .      Faith    .   (no shield)
rNeg    . . .      Spirit   .   N - +0 steam dragon scales
rPois   +          Reflect  .   (no helmet)
rElec   .          Harm     .   r - scarf {rC+ rF+}
rCorr   .          Rampage  .   (no gloves)
Will    +....                   A - +0 pair of boots
Stlth   ++........              o - amulet of the acrobat
HPRegen 0.23/turn               L - ring of poison resistance
MPRegen 0.17/turn               J - ring of protection from fire

@: no status effects
A: high MP 1, forlorn, divine attributes
a: no special abilities


You were on level 11 of the Dungeon.
You visited 2 branches of the dungeon, and saw 12 of its levels.

You collected 660 gold pieces.

Inventory:

Hand Weapons
 b - a +2 short sword of venom
 e - a +0 dagger
 s - a +2 dagger of speed
 t - a +2 whip of venom
 x - a +2 whip of electrocution
Missiles
 c - 48 stones
 q - a throwing net
 y - 7 poisoned darts
Armour
 f - a +0 robe
 l - a +1 cloak
 r - a scarf of resistance (worn)
 A - a +0 pair of boots (worn)
 N - +0 steam dragon scales (worn)
Magical Staves
 a - a staff of earth (weapon)
Jewellery
 o - an amulet of the acrobat (around neck)
 G - a ring of ice
 J - a ring of protection from fire (right hand)
 L - a ring of poison resistance (left hand)
Wands
 g - a wand of iceblast (4)
 E - a wand of flame (12)
 F - a wand of mindburst (13)
Scrolls
 j - a scroll of enchant armour
 n - 4 scrolls of teleportation
 u - 2 scrolls of enchant weapon
 z - a scroll of holy word
 B - 2 scrolls of identify
 C - a scroll of silence
 D - 2 scrolls of fog
 I - a scroll of fear
Potions
 d - a potion of magic
 h - 5 potions of curing
 i - a potion of attraction
 k - 3 potions of heal wounds
 m - 3 potions of might
 p - 3 potions of brilliance
 v - a potion of cancellation
 w - 2 potions of haste
 H - a potion of mutation {unknown}
 K - a potion of resistance {unknown}
Miscellaneous
 M - a lightning rod (4/4)


   Skills:
 + Level 4.4 Fighting
 + Level 5.0 Dodging
 - Level 1.7 Stealth
 + Level 7.1 Unarmed Combat
 + Level 4.6 Spellcasting
 - Level 3.0 Conjurations
 - Level 3.0 Translocations
 + Level 6.8 Transmutations
 + Level 7.9 Earth Magic


You had 6 spell levels left.
You knew the following spells:

 Your Spells              Type           Power      Damage    Failure   Level
a - Sandblast             Erth           100%       2d20      1%          1
b - Passwall              Tmut/Erth      54%        N/A       1%          2
c - Stone Arrow           Conj/Erth      100%       3d13      1%          3
d - Blink                 Tloc           48%        N/A       3%          2
e - Petrify               Tmut/Erth      65%        N/A       3%          4

Your spell library contained the following spells:

 Spells                   Type           Power      Damage    Failure   Level
 Lesser Beckoning         Tloc           24%        N/A       6%          3
 Summon Small Mammal      Summ           24%        N/A       7%          1
 Ensorcelled Hibernation  Hex/Ice        12%        N/A       10%         2
 Scorch                   Fire           12%        2d6       10%         2
 Dazzling Flash           Conj/Hex       30%        N/A       11%         3
 Ice Form                 Ice/Tmut       26%        N/A       16%         4
 Call Canine Familiar     Summ           6%         N/A       21%         3
 Frozen Ramparts          Ice            12%        1d3       21%         3
 Summon Guardian Golem    Hex/Summ       6%         N/A       21%         3
 Swiftness                Air            6%         N/A       21%         3
 Flame Wave               Conj/Fire      15%        2d6       34%         4
 Manifold Assault         Tloc           24%        N/A       47%         5
 Summon Ice Beast         Ice/Summ       6%         N/A       54%         4
 Agony                    Necr           6%         N/A       88%         5
 Silence                  Hex/Air        3%         N/A       88%         5
 Summon Cactus Giant      Summ           3%         N/A       100%        6
 Storm Form               Tmut/Air       13%        N/A       100%        7


Dungeon Overview and Level Annotations

Branches:
Dungeon (11/15)            Temple (1/1) D:6            Lair (0/6) D:11
    Orc: D:9-12

Annotations:
D:7 Duvessa


Innate Abilities, Weirdness & Mutations

You have an increased reservoir of magic. (+10% MP)
You shall have no god before yourself.
Your divine heritage dramatically boosts your attributes as you level up.


Message History

The six-headed hydra bites you!
* * * LOW HITPOINT WARNING * * *
The six-headed hydra bites you!
* * * LOW HITPOINT WARNING * * *
The six-headed hydra bites you.
* * * LOW HITPOINT WARNING * * *
The six-headed hydra bites you!
* * * LOW HITPOINT WARNING * * *
The six-headed hydra closely misses you.
Unknown command.
Casting: Stone Arrow (safe; 1% risk of failure)
Confirm with . or Enter, or press ? or * to list all spells.
Aiming: Stone Arrow (safe; 1% risk of failure)
Press: ? - help, Shift-Dir - straight line, f/p - six-headed hydra
Aim: a six-headed hydra (heavily wounded, 92% to hit)
You feel a surge of power!
The stone arrow hits the six-headed hydra!
The six-headed hydra is severely wounded.
The six-headed hydra bites you.
* * * LOW HITPOINT WARNING * * *
The six-headed hydra closely misses you.
The six-headed hydra bites you.
* * * LOW HITPOINT WARNING * * *
The six-headed hydra bites you.
* * * LOW HITPOINT WARNING * * *
The six-headed hydra bites you!
* * * LOW HITPOINT WARNING * * *
The six-headed hydra bites you.
* * * LOW HITPOINT WARNING * * *
Casting: Stone Arrow (safe; 1% risk of failure)
Confirm with . or Enter, or press ? or * to list all spells.
Aiming: Stone Arrow (safe; 1% risk of failure)
Press: ? - help, Shift-Dir - straight line, f/p - six-headed hydra
Aim: a six-headed hydra (severely wounded, 92% to hit)
You feel a surge of power!
The stone arrow hits the six-headed hydra!!
The six-headed hydra is almost dead.
The six-headed hydra bites you but does no damage.
The six-headed hydra misses you. The six-headed hydra bites you!
You die...

#..#..# #..#..#
#..#..# #. #.....#
#. #.....# #####.
#..##.#
......######..##.#
.............##.#
#.........##@#
#....<....##.D....#
#..#####..##........
#..# #..##......[.
#..# #..##......##
#..# #..##h.....#
#..# #..##......#
#..# #..##......#
#.9# #..#


You could see a six-headed hydra and a hound.

Vanquished Creatures
  A hydra (D:6)
  A centaur warrior (D:8)
  A two-headed ogre (D:9)
  2 ugly things (D:7)
  A komodo dragon (D:6)
  A troll (D:10)
  A meliai zombie (D:10)
  2 wraiths
  Eustachio (D:4)
  2 steam dragons
  2 acid dragons
  A water moccasin (D:6)
  3 ice beasts
  A black bear (D:6)
  6 orc warriors
  3 ogres
  5 centaurs
  2 kobold brigands
  3 bullfrogs
  A scorpion (D:6)
  A water moccasin skeleton (D:4)
  8 wights
  6 howler monkeys
  An electric eel (D:11)
  2 centaur zombies
  A bullfrog skeleton (D:7)
  5 jellies
  2 hounds
  An orc priest (D:8)
  2 gnoll shamans
  An iguana (D:6)
  3 orc wizards
  8 adders
  18 gnolls
  A worm (D:2)
  2 dart slugs
  26 orcs
  8 bats
  5 endoplasms
  3 giant cockroaches
  5 goblins
  6 hobgoblins
  6 jackals
  12 kobolds
  A quokka (D:4)
  10 ball pythons
  5 frilled lizards
  7 rats
196 creatures vanquished.

Vanquished Creatures (others)
  31 plants (D:2)
31 creatures vanquished.

Grand Total: 227 creatures vanquished

Notes
Turn   | Place    | Note
-------+----------+-------------------------------------------
     0 | D:1      | pkoi the Demigod Earth Elementalist began the quest for the
                  | Orb.
     0 | D:1      | Reached XP level 1. HP: 14/14 MP: 5/5
   267 | D:1      | Reached skill level 1 in Transmutations
   854 | D:1      | Reached XP level 2. HP: 20/20 MP: 7/7
  1456 | D:1      | Reached skill level 1 in Unarmed Combat
  1988 | D:2      | Learned a level 2 spell: Passwall
  1999 | D:2      | Reached XP level 3. HP: 26/26 MP: 4/8
  2031 | D:2      | Learned a level 3 spell: Stone Arrow
  2886 | D:3      | Reached XP level 4. HP: 15/33 MP: 6/10
  3438 | D:3      | Reached skill level 1 in Conjurations
  3528 | D:3      | Reached XP level 5. HP: 27/38 MP: 6/11
  3825 | D:3      | Noticed an ogre
  3829 | D:3      | Killed an ogre
  4769 | D:4      | Learned a level 2 spell: Blink
  4855 | D:4      | Reached XP level 6. HP: 38/45 MP: 8/13
  5285 | D:4      | Reached skill level 1 in Translocations
  5707 | D:4      | Noticed Eustachio
  5721 | D:4      | Killed Eustachio
  5722 | D:4      | Reached XP level 7. HP: 36/50 MP: 6/14
  5911 | D:4      | Noticed an angel
  6714 | D:4      | Learned a level 4 spell: Petrify
  6750 | D:5      | Entered Level 5 of the Dungeon
  7414 | D:6      | Noticed a steam dragon
  7422 | D:6      | Killed a steam dragon
  7423 | D:6      | Reached skill level 5 in Earth Magic
  7423 | D:6      | Reached XP level 8. HP: 57/57 MP: 3/15
  7721 | D:6      | Noticed a six-headed hydra
  7727 | D:6      | Killed a six-headed hydra
  7728 | D:6      | Reached skill level 5 in Unarmed Combat
  7728 | D:6      | Reached skill level 5 in Transmutations
  8475 | D:6      | Reached skill level 1 in Fighting
  8746 | D:6      | Reached XP level 9. HP: 54/64 MP: 16/16
  8964 | D:6      | Found a staircase to the Ecumenical Temple.
  8984 | Temple   | Entered the Ecumenical Temple
  9188 | D:6      | Noticed a komodo dragon
  9196 | D:6      | Killed a komodo dragon
 10586 | D:7      | Noticed Duvessa
 11758 | D:8      | Noticed a death knight
 11758 | D:8      | Noticed a centaur warrior
 11775 | D:8      | Killed a centaur warrior
 11794 | D:8      | Noticed a komodo dragon
 12266 | D:8      | Noticed a purple ugly thing
 12272 | D:8      | Noticed a white ugly thing
 12285 | D:7      | Killed a white ugly thing
 12286 | D:7      | Reached XP level 10. HP: 48/77 MP: 13/19
 12422 | D:7      | Killed a purple ugly thing
 12862 | D:8      | Identified the +3 arbalest of Departure {elec, Will- Str+3
                  | Int+3 Dex+2}
 12862 | D:8      | Identified the +7 scimitar of Dig Piuh {vorpal, rF+++ rC-
                  | Will+ rCorr}
 12864 | D:8      | Identified the +0 hand axe "Degh" {antimagic, rElec rCorr
                  | Int+4}
 13799 | D:9      | Noticed a two-headed ogre
 13806 | D:9      | Killed a two-headed ogre
 15716 | D:10     | Entered Level 10 of the Dungeon
 16441 | D:10     | Reached skill level 5 in Dodging
 16927 | D:11     | Found a staircase to the Lair.
 17056 | D:11     | Noticed a six-headed hydra
 17062 | D:11     | Mangled by a six-headed hydra

Illustrated notes

Levels and vault maps discovered:
D:1:      lemuel_arrival_cross, layout_basic, serial_glass, glass_columns_a,
          glass_columns_a, shapermc_ecumenical_altar_mp_vishouse,
          chequers_serial_rivers_small_a, feat_on_display
D:2:      layout_loops_ring, kennysheep_nub, grunt_decor_fettered,
          serial_bayou_lagoon_a
D:3:      layout_basic
D:4:      layout_cave_pods, grunt_temple_overflow_order_and_chaos_1,
          minmay_cupped, uniq_eustachio
D:5:      layout_basic, chequers_temple_overflow_statue_of_worship
D:6:      minmay_cornered_nines, layout_rooms, mainiacjoe_overflow_paths,
          bloody_makhleb, temple_statues
D:7:      layout_loops_corners, minmay_misc_feat_columns, uniq_duvessa,
          uniq_pikel, uniq_maggie
D:8:      minmay_the_grid_square_5x5_3x3 [minmay_the_grid_square_5x5_gyroscope,
          minmay_the_grid_square_5x5_misaligned,
          minmay_the_grid_square_5x5_inner_z,
          minmay_the_grid_square_5x5_one_wall,
          minmay_the_grid_square_5x5_megaprize_checkered,
          minmay_the_grid_square_5x5_bridge, minmay_the_grid_square_5x5_empty,
          minmay_the_grid_square_5x5_half_checkered,
          minmay_the_grid_square_5x5_inner_i], layout_cave_pools,
          okawaru_metal_pillars_3
D:9:      layout_roguey, mainiacjoe_overflow_alcove_2,
          minmay_misc_feat_more_columns
D:10:     layout_roguey, st_stairs_8
D:11:     layout_long_grid, erik_lair_island, gammafunk_ghost_hydra_chop,
          gauntlet_entry_generic, serial_shops,
          nicolae_shop_bloodbath_and_beyond, trog_hazing_becter, uniq_fannar
Temple:   cyrus_circular_temple

Skill      XL: |  1  2  3  4  5  6  7  8  9 10 |
---------------+-------------------------------+-----
Transmutations | 1 2 3 4 5 6 |  6.8
Spellcasting   | 2 3 4 |  4.6
Unarmed Combat | 1 2 3 4 5 6 7 |  7.1
Earth Magic    | 3 4 5 6 7 |  7.9
Conjurations   | 1 2 3 |  3.0
Translocations | 1 3 |  3.0
Dodging        | 2 4 5 |  5.0
Fighting       | 1 3 4 |  4.4
Stealth        | |  1.7

Action                   |  1- 3 |  4- 6 |  7- 9 | 10-12 || total
-------------------------+-------+-------+-------+-------++-------
Melee: Unarmed           |    46 |       |       |    32 ||    78
       Dagger            |   107 |    21 |       |       ||   128
       Punch             |     3 |       |     3 |     5 ||    11
       Staff             |    11 |     1 |       |       ||    12
       Short sword       |       |       |   127 |    69 ||   196
       Whip              |       |       |    20 |       ||    20
 Cast: Sandblast         |    28 |    76 |    84 |    37 ||   225
       Stone Arrow       |       |       |       |    10 ||    10
Evoke: Wand              |       |       |       |     1 ||     1
  Use: Scroll            |       |       |    15 |     1 ||    16
       Potion            |       |       |     3 |       ||     3
 Stab: Sleeping          |     7 |     1 |     1 |       ||     9
Armor: Robe              |    49 |     9 |    39 |    17 ||   114
       Steam dragon scal |       |       |       |     1 ||     1
Dodge: Dodged            |   125 |    28 |   172 |   126 ||   451
